 Dungeon Crawl Stone Soup version 0.28-a0-1518-gbe868bca14 (webtiles) character file.

Game seed: 9091649815151279643

275 sanka the Changer (level 5, 0/39 HPs)
             Began as a Demigod Transmuter on Jan 16, 2022.
             Slain by a rat (3 damage)
             ... on level 3 of the Dungeon.
             The game lasted 00:04:54 (3108 turns).

sanka the Changer (Demigod Transmuter)              Turns: 3108, Time: 00:04:54

Health: 0/39       AC:  2    Str: 11    XL:     5   Next: 73%
Magic:  10/10      EV: 12    Int: 19    God:
Gold:   51         SH:  0    Dex: 14    Spells: 2/8 levels left

rFire   . . .      SeeInvis .     - Unarmed
rCold   . . .      Faith    .   (no shield)
rNeg    . . .      Spirit   .   a - +0 robe
rPois   .          Reflect  .   (helmet currently unavailable)
rElec   .          Harm     .   (no cloak)
rCorr   .          Rampage  .   (no gloves)
Will    .....                   (boots currently unavailable)
Stlth   +.........              (no amulet)
HPRegen 0.13/turn               (no ring)
MPRegen 0.12/turn               (no ring)

@: lethally poisoned (0 -> -2), appendages
A: horns 2, talons 2, high mp 1, forlorn, divine attributes
a: End Transformation


You were on level 3 of the Dungeon.
You had temporarily grown beastly horns and talons.
You visited 1 branch of the dungeon, and saw 3 of its levels.

You collected 51 gold pieces.


Innate Abilities, Weirdness & Mutations

You have temporarily grown beastly horns and talons.
You have an increased reservoir of magic. (+10% MP)
You shall have no god before yourself.
Your divine heritage dramatically boosts your attributes as you level up.


   Skills:
 - Level 0.8 Fighting
 - Level 1.7 Dodging
 - Level 2.6 Unarmed Combat
 - Level 2.0 Spellcasting
 + Level 5.2 Transmutations
 - Level 2.0 Poison Magic


You had 2 spell levels left.
You knew the following spells:

 Your Spells              Type           Power      Damage    Failure   Level
x - Spider Form           Tmut/Pois      15%        N/A       12%         3
y - Wereblood             Tmut           21%        N/A       3%          2
z - Beastly Appendage     Tmut           42%        N/A       1%          1

Your spell library contained the following spells:

 Spells                   Type           Power      Damage    Failure   Level
 Apportation              Tloc           2%         N/A       17%         1
 Frozen Ramparts          Ice            2%         1d2       45%         3
 Ice Form                 Ice/Tmut       11%        N/A       50%         4
 Alistair's Intoxication  Tmut/Pois      10%        N/A       71%         5
 Summon Ice Beast         Ice/Summ       1%         N/A       86%         4

Inventory:

Armour
 a - a +0 robe (worn)
Scrolls
 b - 3 scrolls of noise {unknown}
 c - a scroll of fog {unknown}
 d - 2 scrolls of fear {unknown}
 e - a scroll of teleportation {unknown}
 f - a scroll of immolation {unknown}
 h - a scroll of enchant weapon {unknown}
 j - a scroll of identify {unknown}
 l - a scroll of magic mapping {unknown}
Potions
 g - a potion of cancellation {unknown}
 i - 2 potions of might {unknown}
 k - 3 potions of heal wounds {unknown}

Dungeon Overview and Level Annotations

Branches:
Dungeon (3/15)

........▒▒▒ .
.......... ...
▒....▒..▒ .
....▒▒.....▒.▒▒▒▒..
▒................
▒....<...........
▒▒▒.▒▒.)....[.... ▒
▒▒.......!..
▒..pr......
▒▒▒▒S...... .......
....... ...(...
....... .......
.......


You could see an adder and a rat.


Message History

You are no longer poisoned.
The rat bites you.
* * * LOW HITPOINT WARNING * * *
Training target 2.0 for Poison Magic reached!
Your Poison Magic skill increases to level 2!
Unknown command.
Unknown command.
You closely miss the adder. The adder barely misses you. The rat bites you.
* * * LOW HITPOINT WARNING * * *
The adder bites you.
* * * LOW HITPOINT WARNING * * *
You are poisoned.
The adder poisons you!
You hit the adder. You claw the adder.
The adder is severely wounded.
You feel sick. The rat bites you.
* * * LOW HITPOINT WARNING * * *
The adder misses you.
Unknown command.
You closely miss the adder. Your kick misses the adder.
The adder is severely wounded.
* * * LOW HITPOINT WARNING * * *
You feel sick. The rat bites you.
You die...

Action                   |  1- 3 |  4- 6 || total
-------------------------+-------+-------++-------
Melee: Unarmed           |    96 |    90 ||   186
       Headbutt          |     8 |     6 ||    14
       Punch             |     3 |     1 ||     4
       Kick              |    14 |    10 ||    24
 Cast: Beastly Appendage |    17 |     7 ||    24
       Spider Form       |     2 |     4 ||     6
 Stab: Sleeping          |     1 |     1 ||     2
Armor: Robe              |    13 |    19 ||    32
       Skin              |     2 |     1 ||     3
Dodge: Dodged            |    72 |    63 ||   135

Levels and vault maps discovered:
D:1:      saegor_arrival_simple_e, layout_basic
D:2:      layout_loops_ring, minmay_increasing_density, uniq_natasha,
          uniq_jessica
D:3:      layout_rooms, lemuel_round_altar, uniq_robin

Notes
Turn   | Place    | Note
-------+----------+-------------------------------------------
     0 | D:1      | sanka the Demigod Transmuter began the quest for the Orb.
     0 | D:1      | Reached XP level 1. HP: 15/15 MP: 5/5
    65 | D:1      | Reached skill level 2 in Spellcasting
   172 | D:1      | Reached skill level 2 in Transmutations
   790 | D:1      | Reached XP level 2. HP: 22/22 MP: 5/7
  1112 | D:1      | Reached skill level 3 in Transmutations
  1113 | D:1      | HP: 2/22 [frozen (5)]
  1167 | D:2      | Noticed a black bear
  1453 | D:1      | Reached XP level 3. HP: 23/27 MP: 6/8
  1820 | D:1      | Learned a level 2 spell: Wereblood
  1824 | D:1      | Learned a level 3 spell: Spider Form
  1981 | D:2      | Killed a black bear
  1982 | D:2      | Reached skill level 4 in Transmutations
  1982 | D:2      | Reached XP level 4. HP: 27/34 MP: 6/9
  2203 | D:2      | Noticed Jessica
  2209 | D:2      | Killed Jessica
  2210 | D:2      | Reached XP level 5. HP: 29/39 MP: 6/10
  2309 | D:2      | Noticed Natasha
  2322 | D:2      | Killed Natasha
  2323 | D:2      | Reached skill level 1 in Poison Magic
  2325 | D:2      | Noticed Natasha
  2336 | D:2      | Killed Natasha
  2337 | D:2      | Reached skill level 5 in Transmutations
  2873 | D:2      | Noticed Natasha
  2881 | D:2      | Killed Natasha
  3106 | D:3      | Reached skill level 2 in Poison Magic
  3108 | D:3      | HP: 3/39 [poisoned by an adder]
  3108 | D:3      | Slain by a rat

Vanquished Creatures
  A black bear (D:2)
  Jessica (D:2)
  Natasha (thrice) (D:2)
  A gnoll (D:1)
  An adder (D:3)
  2 worms (D:2)
  5 ball pythons
  3 endoplasms
  3 giant cockroaches
  5 goblins
  7 hobgoblins
  4 jackals
  A quokka (D:2)
  5 bats
  4 frilled lizards (D:1)
  8 kobolds
  3 rats
57 creatures vanquished.
